 Dungeon Crawl Stone Soup version 0.17-a0-701-gb6462b4 (webtiles) character file.

357 sugabear the Shield-Bearer (level 6, 0/39 HPs)
             Began as a Gargoyle Fighter on Apr 19, 2015.
             Slain by a hound (1 damage)
             ... on level 3 of the Dungeon.
             The game lasted 00:06:55 (2984 turns).

sugabear the Shield-Bearer (Gargoyle Fighter)       Turns: 2984, Time: 00:06:55

Health: 0/39       AC: 11    Str: 26    XL:     6   Next: 64%
Magic:  6/6        EV:  8    Int:  8    God:
Gold:   90         SH: 10    Dex: 10    Spells: 0 memorised, 5 levels left

rFire  . . .     SeeInvis .     a - +0 war axe
rCold  . . .     Clarity  .     b - +0 scale mail
rNeg   + . .     SustAb   .     c - +0 shield
rPois  ∞         Gourm    .     (no helmet)
rElec  +         Spirit   .     (no cloak)
rCorr  .         Warding  .     (no gloves)
rMut   .         Stasis   .     (no boots)
MR     .....                    (no amulet)
Stlth  +.........               (no ring)
                                (no ring)

@: mighty, not resistant to hostile enchantments, very unstealthy
A: negative energy resistance 1, electricity resistance, unbreathing,
petrification resistance, rot immunity, AC +4
a: no special abilities


You were on level 3 of the Dungeon.
You were hungry.

You visited 1 branch of the dungeon, and saw 4 of its levels.

You collected 90 gold pieces.

Inventory:

Hand weapons
 a - a +0 war axe (weapon)
 m - a +1 dagger of venom
Armour
 b - a +0 scale mail (worn)
 c - a +0 shield (worn)
 j - a +0 helmet
Jewellery
 q - an uncursed ring of magical power {unknown}
Scrolls
 f - 2 scrolls of identify {unknown}
 h - a scroll of remove curse {unknown}
 i - 2 scrolls of fog {unknown}
 l - 2 scrolls of teleportation {unknown}
 o - a scroll of immolation {unknown}
 t - a scroll of noise {unknown}
Potions
 e - a potion of might
 g - a potion of resistance {unknown}
 k - a potion of brilliance {unknown}
 n - a potion of agility {unknown}
 p - 2 potions of curing {unknown}
 r - a potion of restore abilities {unknown}
 u - 2 potions of ambrosia {unknown}
Comestibles
 d - 2 bread rations
 s - a chunk of flesh


   Skills:
 + Level 4.4 Fighting
 + Level 3.0 Axes
 + Level 4.3 Armour
 + Level 1.7 Dodging
 * Level 2.6 Stealth
 + Level 4.5 Shields


You had 5 spell levels left.
You didn't know any spells.

Dungeon Overview and Level Annotations

Branches:
Dungeon (4/15)
 Temple: D:4-7

Altars:
Makhleb
Vehumet
Xom
Yredelemnul

Annotations:
D:4 AttackOctopus's ghost, average GrFi


Innate Abilities, Weirdness & Mutations

You are resistant to torment.
Your stone body is resilient (AC +4).
You are immune to poison.
You resist negative energy.
You are resistant to electric shocks.
You can survive without breathing.
You are immune to petrification.
You are immune to rotting.


Message History

You block the adder's attack. The hound bites you but does no damage.
You block the adder's attack.
There is a stone staircase leading up here.
You are feeling hungry.
AttackOctopus's ghost hits you.
* * * LOW HITPOINT WARNING * * *
You block the hound's attack. You block the adder's attack.
You climb upwards.
There is a stone staircase leading down here.
You barely miss the hound.
The hound is moderately wounded.
You closely miss the adder. The hound bites you but does no damage.
You block the adder's attack. You block the hound's attack.
The adder bites you but does no damage.
You miss the hound.
The hound is moderately wounded.
You hit the adder.
The adder is moderately wounded.
The hound bites you.
You die...

....# #.#.#
....######## ###.#.###
...........# #.....(.#
#.#........# #.#####.#
.....).....# #...# #.#
#.#........######.###)#
...........##.....#...#
###........##.###.###.#
......)(.......h@..##.#
....###.###..####S.##.#
..#.# #.# #..# ##.##.#
..#.###'###..# #....#
..#.###_'....# ######
#...###+###..## ....#
#.# #...#
..#.###.###...#
..............##


You could see a hound and an adder.

Vanquished Creatures
  A scorpion (D:3)
  Crazy Yiuf (D:2)
  Jessica (D:2)
  A hound (D:2)
  An orc wizard (D:3)
  A worker ant (D:4)
  Robin (D:2)
  4 gnolls (D:2)
  5 adders
  3 worms
  2 giant geckos
  4 orcs (D:3)
  7 bats
  6 giant cockroaches
  6 hobgoblins
  3 quokkas (D:3)
  6 giant newts
  14 goblins
  9 kobolds
  4 rats
  2 fungi (D:2)
82 creatures vanquished.

Notes
Turn   | Place    | Note
--------------------------------------------------------------
     0 | D:1      | sugabear, the Gargoyle Fighter, began the quest for the Orb.
     0 | D:1      | Reached XP level 1. HP: 14/14 MP: 1/1
   102 | D:1      | Reached XP level 2. HP: 14/20 MP: 2/2
   883 | D:2      | Reached XP level 3. HP: 24/24 MP: 3/3
   890 | D:2      | Noticed Robin
   903 | D:2      | Killed Robin
  1008 | D:2      | Reached skill level 1 in Stealth
  1062 | D:2      | Reached skill level 4 in Fighting
  1062 | D:2      | Reached XP level 4. HP: 25/29 MP: 4/4
  1070 | D:2      | Found a shimmering altar of Xom.
  1487 | D:2      | Found a burning altar of Makhleb.
  1499 | D:2      | Reached XP level 5. HP: 20/33 MP: 5/5
  1754 | D:2      | Noticed Jessica
  1770 | D:2      | Killed Jessica
  1979 | D:2      | Noticed Crazy Yiuf
  1984 | D:2      | Paralysed by Crazy Yiuf for 2 turns
  1993 | D:2      | Killed Crazy Yiuf
  2281 | D:3      | Reached skill level 1 in Dodging
  2374 | D:3      | Reached XP level 6. HP: 29/38 MP: 6/6
  2531 | D:3      | Found a radiant altar of Vehumet.
  2628 | D:3      | Found a basalt altar of Yredelemnul.
  2972 | D:4      | Noticed AttackOctopus's ghost (average GrFi)
  2981 | D:4      | HP: 1/39 [AttackOctopus's ghost (6)]
  2984 | D:3      | Slain by a hound

Action                   |  1- 3 |  4- 6 || total
-------------------------+-------+-------++-------
Melee: War axe           |   100 |   199 ||   299
  Use: Potion            |       |     1 ||     1
  Eat: Chunk             |     1 |     6 ||     7
